 Dungeon Crawl Stone Soup version 0.29.1-14-g9c671dbff4 (webtiles) character file.

Game seed: 14845617651139323965

625 SilverX5502 the Chopper (level 7, 0/61 HPs)
             Began as a Minotaur Fighter on Feb 11, 2023.
             Slain by a six-headed hydra (6 damage)
             ... on level 5 of the Dungeon on Feb 17, 2023.
             The game lasted 00:16:16 (5592 turns).

SilverX5502 the Chopper (Minotaur Fighter)          Turns: 5592, Time: 00:16:17

Health: 0/61       AC: 10    Str: 22    XL:     7   Next: 23%
Magic:  6/6        EV:  9    Int:  5    God:
Gold:   259        SH:  5    Dex: 10    Spells: 6/6 levels left

rFire   . . .      SeeInvis .   a - +0 war axe
rCold   . . .      Faith    .   c - +0 buckler
rNeg    . . .      Spirit   .   b - +0 scale mail
rPois   +          Reflect  .   (helmet restricted)
rElec   .          Harm     .   j - +0 cloak
rCorr   .          Rampage  .   (no gloves)
Will    .....                   o - +0 pair of boots of Vexation {rPois}
Stlth   ..........              (no amulet)
HPRegen 0.20/turn               (no ring)
MPRegen 0.10/turn               (no ring)

@: no status effects
A: horns 2, retaliatory headbutt
a: no special abilities


You were on level 5 of the Dungeon.
You visited 1 branch of the dungeon, and saw 6 of its levels.

You collected 259 gold pieces.

Inventory:

Hand Weapons
 a - a +0 war axe (weapon)
 r - a +1 hand axe of electrocution
Missiles
 f - 48 stones (quivered)
Armour
 b - a +0 scale mail (worn)
 c - a +0 buckler (worn)
 j - a +0 cloak (worn)
 o - the +0 pair of boots of Vexation (worn) {rPois}
   (You found it on level 3 of the Dungeon)

   rPois:     It protects you from poison.
Jewellery
 z - an amulet of guardian spirit
Scrolls
 g - a scroll of noise {unknown}
 h - 7 scrolls of identify {unknown}
 i - 3 scrolls of amnesia {unknown}
 k - a scroll of enchant armour {unknown}
 l - 5 scrolls of teleportation {unknown}
 m - a scroll of summoning {unknown}
 p - a scroll of magic mapping {unknown}
 t - 2 scrolls of fear {unknown}
 v - a scroll of acquirement {unknown}
 w - a scroll of immolation {unknown}
 x - a scroll of enchant weapon {unknown}
 y - a scroll of poison {unknown}
 A - a scroll of torment {unknown}
Potions
 d - a potion of might
 e - 2 potions of curing
 n - a potion of degeneration {unknown}
 q - a potion of magic {unknown}
 s - 2 potions of heal wounds {unknown}
 u - 3 potions of invisibility {unknown}


   Skills:
 + Level 5.5 Fighting
 * Level 6.4 Axes
 + Level 5.5 Armour
 + Level 5.5 Shields


You had 6 spell levels left.
You didn't know any spells.
Your spell library contained the following spells:

 Spells                   Type           Power      Damage    Failure   Level
 Blink                    Tloc           0%         N/A       95%         2
 Lesser Beckoning         Tloc           0%         N/A       99%         3
 Manifold Assault         Tloc           0%         N/A       100%        5


Dungeon Overview and Level Annotations

Branches:
Dungeon (6/15)
 Temple: D:4-7

Altars:
Cheibriados
Fedhas
Sif Muna
Vehumet
Wu Jian

Shops:
D:1 *


Innate Abilities, Weirdness & Mutations

You have a pair of horns on your head.
You reflexively headbutt those who attack you in melee.


Message History

Done exploring.
You see here a +0 ring mail.
There is a stone staircase leading down here.
You climb downwards.
The iguana hisses angrily.
The four-headed hydra roars!
The bullfrog croaks.
You hear a shout!
The bullfrog barely misses you. You furiously retaliate!
You headbutt the bullfrog.
There is a stone staircase leading up here.
Press: ? - help, v - describe, . - travel
Here: a gargoyle, wielding a +0 mace The floor.
The four-headed hydra bites you.
You block the four-headed hydra's attack.
The four-headed hydra bites you!
The four-headed hydra bites you but does no damage.
You climb upwards.
There is a stone staircase leading down here.
You hack one of the four-headed hydra's heads off!
The three-headed hydra grows two more!
You hit the five-headed hydra. You headbutt the five-headed hydra!
The five-headed hydra is moderately wounded.
The five-headed hydra bites you!
The five-headed hydra bites you but does no damage.
You block the five-headed hydra's attack.
The five-headed hydra bites you.
The five-headed hydra closely misses you.
The five-headed hydra bites you! x2
The five-headed hydra bites you but does no damage.
The five-headed hydra bites you!
* * * LOW HITPOINT WARNING * * *
The five-headed hydra bites you!
* * * LOW HITPOINT WARNING * * *
Unknown command.
You chop one of the five-headed hydra's heads off!
The four-headed hydra grows two more!
You hit the six-headed hydra.
The six-headed hydra is lightly wounded.
The six-headed hydra bites you but does no damage.
The six-headed hydra bites you.
You die...

#...........# ##.......
#...........# ######....#...
######......####......####...
#......##...#....# #...
#................#######
#####............#......
#.......[#####......
####.#########......
#@........##......
#D####....##...... #.#
#....##...... #.#
#....#....... ####### #.#
#....#.#.#### ###.....####.#
#....#.#.#
#.........##.#######.#.#.#
#.........##...# #.#.#.####
#..............## #.#.#.#...


You could see a six-headed hydra.

Vanquished Creatures
  A phantom (D:5)
  A kobold brigand (D:5)
  2 scorpions (D:5)
  A howler monkey (D:4)
  3 hounds
  2 iguanas (D:5)
  Terence (D:2)
  Robin (D:2)
  6 adders
  A shadow imp (D:4)
  An ufetubus (D:4)
  A worm (D:2)
  2 dart slugs
  3 orcs (D:5)
  2 ball pythons (D:1)
  5 bats
  6 endoplasms
  A giant cockroach (D:3)
  17 goblins
  6 hobgoblins
  A quokka (D:1)
  5 frilled lizards
  14 kobolds
  6 rats
89 creatures vanquished.

Notes
Turn   | Place    | Note
-------+----------+-------------------------------------------
     0 | D:1      | SilverX5502 the Minotaur Fighter began the quest for the
                  | Orb.
     0 | D:1      | Reached XP level 1. HP: 19/19 MP: 0/0
   153 | D:1      | Found Kiezox's Assorted Antiques.
   322 | D:1      | Reached XP level 2. HP: 26/27 MP: 1/1
   406 | D:1      | Found a faded altar of an unknown god.
   419 | D:1      | Reached skill level 3 in Axes
  1031 | D:3      | Reached XP level 3. HP: 33/33 MP: 2/2
  1034 | D:3      | Identified the +0 pair of boots of Vexation {rPois}
  1102 | D:3      | Found an ornate altar of the Wu Jian Council.
  1370 | D:2      | Noticed Terence
  1379 | D:2      | Killed Terence
  1610 | D:2      | Identified the +1 helmet of Saxter {Contam rElec rPois
                  | Stlth-}
  1610 | D:2      | Noticed Robin
  1611 | D:2      | Reached XP level 4. HP: 40/40 MP: 3/3
  1630 | D:2      | Killed Robin
  1631 | D:2      | Reached skill level 4 in Axes
  2690 | D:5      | Entered Level 5 of the Dungeon
  2957 | D:4      | Found a blossoming altar of Fedhas.
  3008 | D:4      | Found a shimmering blue altar of Sif Muna.
  3045 | D:4      | Reached XP level 5. HP: 47/47 MP: 4/4
  3356 | D:4      | Reached skill level 5 in Axes
  3383 | D:4      | Reached XP level 6. HP: 51/55 MP: 5/5
  4127 | D:5      | Reached skill level 5 in Fighting
  4127 | D:5      | Reached skill level 5 in Armour
  4127 | D:5      | Reached skill level 5 in Shields
  4370 | D:5      | Found a radiant altar of Vehumet.
  4518 | D:6      | Noticed a gargoyle
  4518 | D:6      | Noticed a sky beast
  4519 | D:6      | Noticed a four-headed hydra
  4530 | D:6      | Noticed a cyclops
  4862 | D:5      | Reached skill level 6 in Axes
  4878 | D:5      | Reached XP level 7. HP: 51/61 MP: 6/6
  4963 | D:5      | Upgraded the game from 0.29.1-13-g9f3cf754e1 to
                  | 0.29.1-14-g9c671dbff4
  5002 | D:5      | Found a snail-covered altar of Cheibriados.
  5592 | D:5      | Slain by a six-headed hydra

Illustrated notes

Levels and vault maps discovered:
D:1:      amcnicky_arrival_feature_with_door, layout_loops_ring, serial_shops,
          nicolae_shop_statue_plus, hellmonk_ecumenical_altar_lost_god
D:2:      layout_basic, serial_bayou_pond_d, uniq_terence, uniq_robin
D:3:      layout_basic, mainiacjoe_overflow_cross_hatched, dk_noncrumbling_3,
          minivault_19
D:4:      layout_layer_cave, mainiacjoe_overflow_paths,
          nicolae_sif_muna_little_library, serial_glass, glass_columns_c,
          glass_columns_a, due_unseen_surprise
D:5:      layout_basic, nicolae_vehumet_altar_sigil, kennysheep_slug_shrine,
          kennysheep_generic_room_11
D:6:      layout_basic, minmay_manual_mail

Skill      XL: |  1  2  3  4  5  6 |
---------------+-------------------+-----
Axes           | 3 4 5 6 |  6.4
Fighting       | 4 5 |  5.5
Armour         | 4 5 |  5.5
Shields        | 4 5 |  5.5

Action                   |  1- 3 |  4- 6 |  7- 9 || total
-------------------------+-------+-------+-------++-------
Melee: War axe           |    79 |   114 |    23 ||   216
       Headbutt          |    12 |    16 |     7 ||    35
Armor: Scale mail        |    39 |    54 |     7 ||   100
Dodge: Dodged            |    29 |    58 |    13 ||   100
Block: Buckler           |    21 |    25 |     6 ||    52
